 Dungeon Crawl Stone Soup version 0.19.0-11-g3fc08b3 (webtiles) character file.

1080 dracos369 the Covert (level 8, -5/31 HPs)
             Began as a Felid Enchanter on Nov 10, 2016.
             Slain by a wight
             ... wielding a +3 war axe
              (6 damage)
             ... on level 6 of the Dungeon.
             The game lasted 00:42:44 (7256 turns).

dracos369 the Covert (Felid Enchanter)              Turns: 7256, Time: 00:42:45

Health: -5/31      AC:  2    Str:  6    XL:     8   Next: 8%
Magic:  5/21       EV: 17    Int: 18    God:
Gold:   201        SH:  0    Dex: 17    Spells: 4 memorised, 0 levels left
                                        Lives:  0   Deaths: 2

rFire  . . .     SeeInvis +       - Unarmed
rCold  . . .     Gourm    .     (armour unavailable)
rNeg   . . .     Faith    .     (shield unavailable)
rPois  .         Spirit   .     (helmet unavailable)
rElec  .         Reflect  .     (cloak unavailable)
rCorr  .         Harm     .     (gloves unavailable)
MR     +....     Rnd*Tele +     (boots unavailable)
Stlth  +++++.....               (no amulet)
                                A - ring of teleportation (curse)
                                v - ring of Karphoh {+Blink MP+9}

@: drained, quick
A: no armour, no weapons or thrown items, stealth, claws 1, fangs 3, see
invisible, carnivore 3, speed 1, mutation resistance 1, shaggy fur 2, slow
metabolism 1, strong 1, sharp paws
a: Evoke Blink


You were on level 6 of the Dungeon.
You were very full.

You visited 2 branches of the dungeon, and saw 7 of its levels.
You also visited: Ossuary.

You collected 296 gold pieces.
You spent 95 gold pieces at shops.

Inventory:

Jewellery
 v - the ring of Karphoh (left paw) {+Blink MP+9}
   (You found it on level 4 of the Dungeon)

   [ring of magical power]

   It affects your magic capacity (+9).
   It lets you blink.
 A - a cursed ring of teleportation (right paw)
Wands
 i - a wand of slowing (24/48)
 k - a wand of iceblast (10/15)
 r - a wand of lightning (6/15)
Scrolls
 f - 6 scrolls of teleportation
 m - 3 scrolls of recharging
 q - 3 scrolls of fear
 y - a scroll of amnesia
Potions
 d - 6 potions of brilliance
 e - 2 potions of invisibility
 g - 2 potions of agility
 n - 3 potions of curing
 o - a potion of flight {unknown}
 s - a potion of lignification
 t - a potion of mutation {unknown}
 z - a potion of cure mutation {unknown}
Books
 a - a book of Maledictions

   Spells                             Type                      Level
   a - Corona                         Hexes                        1
   b - Ensorcelled Hibernation        Hexes/Ice                    2
   c - Confuse                        Hexes                        3
   d - Tukima's Dance                 Hexes                        3
   e - Dazzling Spray                 Conjuration/Hexes            3
 p - a book of Conjurations

   Spells                             Type                      Level
   a - Magic Dart                     Conjuration                  1
   b - Searing Ray                    Conjuration                  2
   c - Dazzling Spray                 Conjuration/Hexes            3
   d - Fulminant Prism                Conjuration/Hexes            4
   e - Iskenderun's Mystic Blast      Conjuration                  4
   f - Iskenderun's Battlesphere      Conjuration/Charms           5
Comestibles
 b - 4 meat rations
 j - a beef jerky
 l - 3 chunks of flesh
 w - a slice of pizza


   Skills:
 - Level 2.6(2.3) Dodging
 - Level 10.0(9.5) Stealth
 - Level 5.0(4.5) Unarmed Combat
 + Level 2.1(1.7) Spellcasting
 + Level 2.7(2.3) Conjurations
 - Level 9.0(8.6) Hexes
 - Level 3.0(2.6) Ice Magic
 + Level 3.2(2.8) Evocations


You couldn't memorise any spells.
You knew the following spells:

 Your Spells              Type           Power        Failure   Level  Hunger
c - Confuse               Hex            ####....     1%          3    ###....
d - Tukima's Dance        Hex            ####....     1%          3    ###....
e - Ensorcelled Hibernat  Hex/Ice        ###...       2%          2    ###....
z - Dazzling Spray        Conj/Hex       ###...       10%         3    ###....


Dungeon Overview and Level Annotations

Branches:
Dungeon (6/15)             Temple (1/1) D:5

Altars:
Ashenzari
Cheibriados
Dithmenos
Elyvilon
Fedhas
Gozag
Kikubaaqudgha
Makhleb
Nemelex Xobeh
Okawaru
Qazlal
Sif Muna
Trog
Uskayaw
Vehumet
Xom
Yredelemnul
The Shining One

Shops:
D:4 *


Innate Abilities, Weirdness & Mutations

You cannot wear armour.
You are incapable of wielding weapons or throwing items.
Your paws allow you to move quietly. (Stealth)
You have sharp claws.
You have razor-sharp teeth.
You have supernaturally acute eyesight. (SInv)
You are carnivorous and can eat meat at any time.
You cover ground quickly.
You are covered in thick fur. (AC +2)
You have a slow metabolism.
Your sharp claws are effective at attacking unaware monsters.
You are somewhat resistant to further mutation.
Your muscles are strong. (Str +2)


Message History

Press: ? - help, Shift-Dir - straight line, f/p - wight
Aim: a wight, wielding an enchanted war axe and wearing a robe (almost destroyed, chance to defeat MR: 73%)
The wight struggles to resist.
The wight closely misses you.
Casting: Tukima's Dance
Confirm with . or Enter, or press ? or * to list all spells.
Aiming: Tukima's Dance
Press: ? - help, Shift-Dir - straight line, f/p - wight
Aim: a wight, wielding an enchanted war axe and wearing a robe (almost destroyed, chance to defeat MR: 73%)
The wight struggles to resist.
The wight closely misses you.
You scratch the wight but do no damage. You bite the wight, but do no damage.
The wight is almost destroyed.
The wight misses you.
You closely miss the wight.
The wight is almost destroyed.
You barely miss the wight.
The wight is almost destroyed.
The wight hits you with an enchanted war axe!
* * * LOW HITPOINT WARNING * * *
You feel drained.
You die...

###...........######
#...#####..........#
##......#..........#
#......#.....!....#
#......#..........#
##'#####..........#
#.................#
#......)..........#
#........z@.......#
#.................#
#....)............#
#.................##
###'##'#########......
.......)#.............#...
........#.............#...
........#.............# ..
........#...>.........#


You could see a wight.

Vanquished Creatures
  An ice beast (D:5)
  A sky beast (D:5)
  2 phantoms (D:5)
  2 ogres (D:5)
  An elf zombie (D:4)
  An elf skeleton (D:4)
  A water moccasin zombie (Ossuary)
  2 wights (D:6)
  A jelly (D:5)
  A crimson imp (D:5)
  A bullfrog zombie (D:5)
  The ghost of feelmyfire the Conjurer, a weakling DECj (D:3)
  2 human zombies (D:4)
  A bullfrog skeleton (D:4)
  5 orc wizards (D:5)
  An orc priest (D:5)
  2 centaur skeletons
  Natasha (thrice) (D:3)
  A human skeleton (D:4)
  3 worker ants
  2 big kobold zombies (Ossuary)
  2 mummies (Ossuary)
  A worker ant zombie (D:5)
  13 adders
  9 gnolls (D:5)
  An ooze (D:1)
  3 adder zombies
  5 worms
  A dart slug (D:4)
  3 leopard geckos
  10 orcs
  5 giant cockroaches
  7 gnoll zombies (Ossuary)
  6 hobgoblins
  6 jackals
  7 kobolds
  A quokka (D:5)
  2 ball pythons
  3 bats (D:2)
  3 frilled lizards
  5 goblins
  3 hobgoblin zombies (Ossuary)
  A jackal skeleton (D:5)
  9 kobold zombies (Ossuary)
  8 orc zombies
  9 rats
158 creatures vanquished.

Vanquished Creatures (collateral kills)
  A gnoll (D:5)
1 creature vanquished.

Vanquished Creatures (others)
  A water moccasin zombie (Ossuary)
  2 big kobold zombies (Ossuary)
  An adder zombie (Ossuary)
  A hobgoblin zombie (Ossuary)
  An orc zombie (Ossuary)
6 creatures vanquished.

Grand Total: 165 creatures vanquished

Notes
Turn   | Place    | Note
-------+----------+-------------------------------------------
     0 | D:1      | dracos369 the Felid Enchanter began the quest for the Orb.
     0 | D:1      | Reached XP level 1. HP: 7/7 MP: 4/4
    87 | D:1      | Reached XP level 2. HP: 8/11 MP: 6/6
    91 | D:1      | Learned a level 2 spell: Ensorcelled Hibernation
   241 | D:2      | Reached skill level 1 in Ice Magic
   431 | D:1      | Reached XP level 3. HP: 14/14 MP: 7/7
   734 | D:2      | Reached skill level 5 in Hexes
   975 | D:2      | Reached XP level 4. HP: 18/18 MP: 8/8
  1366 | D:3      | Noticed Natasha
  1561 | D:3      | Slain by Natasha
  1562 | D:3      | Reached XP level 3. HP: 0/14 MP: 1/7
  1568 | D:3      | Learned a level 3 spell: Dazzling Spray
  1695 | D:3      | Noticed feelmyfire's ghost (weakling DECj)
  1728 | D:3      | Killed feelmyfire's ghost
  1728 | D:3      | Reached XP level 4. HP: 17/18 MP: 8/8
  1893 | D:3      | Killed Natasha
  1907 | D:3      | Reached XP level 5. HP: 21/21 MP: 7/9
  2163 | D:4      | Learned a level 3 spell: Confuse
  2227 | D:4      | Found Qiutig's General Store.
  2270 | D:4      | Bought a scroll of fear for 35 gold pieces
  2388 | D:4      | Found a sand-covered staircase.
  2488 | Ossuary  | Entered an ossuary
  2617 | Ossuary  | Reached skill level 5 in Stealth
  2617 | Ossuary  | Gained mutation: You are covered in thick fur. (AC +2) [Felid growth]
  2617 | Ossuary  | Reached XP level 6. HP: 24/24 MP: 6/10
  3959 | Ossuary  | Reached skill level 6 in Stealth
  4433 | D:4      | Reached XP level 7. HP: 23/27 MP: 7/11
  4527 | D:4      | Bought a scroll of teleportation for 30 gold pieces
  4527 | D:4      | Bought a scroll of teleportation for 30 gold pieces
  4570 | D:4      | Reached skill level 7 in Stealth
  4882 | D:4      | Found a shimmering altar of Xom.
  4882 | D:4      | Found a shimmering altar of Xom.
  4882 | D:4      | Found a shimmering altar of Xom.
  4882 | D:4      | Found a shimmering altar of Xom.
  4882 | D:4      | Found a shimmering altar of Xom.
  4883 | D:4      | Found a shimmering altar of Xom.
  4883 | D:4      | Found a shimmering altar of Xom.
  4893 | D:4      | Got a pitted lead ring
  4894 | D:4      | Identified the ring of Karphoh {+Blink MP+9} (You found it on level 4 of the Dungeon)
  5329 | D:3      | Noticed Natasha
  5334 | D:3      | Killed Natasha
  5469 | D:3      | Noticed Natasha
  5474 | D:3      | Killed Natasha
  5506 | D:5      | Entered Level 5 of the Dungeon
  5542 | D:5      | Found a staircase to the Ecumenical Temple.
  5550 | Temple   | Entered the Ecumenical Temple
  5819 | D:5      | Reached skill level 8 in Stealth
  5819 | D:5      | Reached skill level 5 in Unarmed Combat
  5858 | D:5      | Reached XP level 8. HP: 31/31 MP: 12/12
  5863 | D:5      | Learned a level 3 spell: Tukima's Dance
  5936 | D:5      | Reached skill level 9 in Stealth
  6111 | D:5      | Reached skill level 1 in Conjurations
  6119 | D:5      | Reached skill level 1 in Evocations
  6244 | D:5      | HP: 1/31 [orc wizard/magic dart (5)]
  6651 | D:5      | Killed from afar by an orc wizard
  6652 | D:5      | Reached XP level 7. HP: -1/27 MP: 0/20
  7173 | D:6      | Reached XP level 8. HP: 25/31 MP: 12/12
  7183 | D:6      | Gained mutation: You are somewhat resistant to further mutation. [potion of beneficial mutation]
  7184 | D:6      | Gained mutation: Your muscles are strong. (Str +2) [potion of beneficial mutation]
  7234 | D:6      | Reached skill level 10 in Stealth
  7256 | D:6      | HP: 1/31 [wight/enchanted war axe (15)]
  7256 | D:6      | Slain by a wight

Skill      XL: |  1  2  3  4  5  6  7  8 |
---------------+-------------------------+-----
Unarmed Combat | 2 3 5 |  5.0
Ice Magic      | 1 2 3 |  3.0
Hexes          | 6 7 8 9 |  9.0
Stealth        | 5 6 8 10 | 10.0
Conjurations   | 2 |  2.7
Evocations     | 3 2 |  3.2
Dodging        | |  2.6
Spellcasting   | |  2.1

Action                   |  1- 3 |  4- 6 |  7- 9 || total
-------------------------+-------+-------+-------++-------
Melee: Unarmed           |    61 |   209 |   178 ||   448
       Bite              |     7 |    20 |     6 ||    33
       Punch             |     2 |     1 |       ||     3
 Cast: Ensorcelled Hiber |    15 |    21 |    43 ||    79
       Dazzling Spray    |     2 |     9 |    16 ||    27
       Confuse           |       |    31 |    32 ||    63
       Tukima's Dance    |       |       |     5 ||     5
 Abil: Evoke Blink       |       |       |     1 ||     1
Evoke: Wand              |       |     2 |     1 ||     3
  Use: Scroll            |       |     8 |    10 ||    18
       Potion            |       |     3 |     5 ||     8
 Stab: Sleeping          |    27 |    32 |    27 ||    86
       Distracted        |     2 |       |     1 ||     3
       Invisible         |     1 |       |     6 ||     7
       Confused          |       |    22 |    14 ||    36
  Eat: Chunk             |    12 |     7 |    27 ||    46
Armor: Skin              |     3 |     8 |    11 ||    22
Dodge: Dodged            |    36 |   110 |    99 ||   245
